 Dungeon Crawl Stone Soup version 0.18.1-8-gdd0e5ea (webtiles) character file.

93 deorigin the Grave Robber (level 4, 0/30 HPs)
             Began as a Demonspawn Necromancer on May 31, 2016.
             Slain by a giant gecko (5 damage)
             ... on level 3 of the Dungeon.
             The game lasted 00:06:47 (2414 turns).

deorigin the Grave Robber (Demonspawn Necromancer)  Turns: 2414, Time: 00:06:48

Health: 0/30       AC:  2    Str:  8    XL:     4   Next: 36%
Magic:  2/7        EV: 12    Int: 17    God:
Gold:   99         SH:  0    Dex: 14    Spells: 3 memorised, 3 levels left

rFire  . . .     SeeInvis .     f - +0 dagger
rCold  . . .     Gourm    .     a - +0 robe
rNeg   . . .     Faith    .     (no shield)
rPois  .         Spirit   .     (no helmet)
rElec  .         Dismiss  .     (no cloak)
rCorr  .         Reflect  .     (no gloves)
SustAt .         Harm     .     (no boots)
MR     .....                    (no amulet)
Stlth  ++........               (no ring)
                                (no ring)

@: not resistant to hostile enchantments, unstealthy
A: hooves 1, powered by death 1, sturdy frame 1
a: no special abilities


You were on level 3 of the Dungeon.
You were not hungry.

You visited 1 branch of the dungeon, and saw 3 of its levels.

You collected 99 gold pieces.

Inventory:

Hand Weapons
 f - a +0 dagger (weapon)
Missiles
 o - 8 tomahawks (quivered)
Armour
 a - a +0 robe (worn)
 i - a cursed +0 leather armour
Jewellery
 h - an uncursed ring of stealth {unknown}
 q - an uncursed ring of positive energy {unknown}
Scrolls
 e - a scroll of amnesia {unknown}
 g - a scroll of random uselessness {unknown}
 l - 2 scrolls of remove curse {unknown}
 m - a scroll of enchant armour {unknown}
 n - a scroll of identify {unknown}
 r - 2 scrolls of teleportation {unknown}
Potions
 d - a potion of cure mutation {unknown}
Books
 b - a book of Necromancy

   Spells                             Type                      Level
   a - Pain                           Necromancy                   1
   b - Animate Skeleton               Necromancy                   1
   c - Vampiric Draining              Necromancy                   3
   d - Regeneration                   Charms/Necromancy            3
   e - Animate Dead                   Necromancy                   4
   f - Control Undead                 Necromancy                   4
Comestibles
 c - 2 bread rations
 j - 5 chunks of flesh
 k - a meat ration
 p - a beef jerky


   Skills:
 - Level 1.7 Dodging
 - Level 1.7 Stealth
 + Level 2.5 Spellcasting
 + Level 6.1 Necromancy


You had 3 spell levels left.
You knew the following spells:

 Your Spells              Type           Power        Failure   Level  Hunger
a - Pain                  Necr           ###.         1%          1    #......
b - Animate Skeleton      Necr           N/A          1%          1    #......
c - Vampiric Draining     Necr           ###.......   6%          3    ###....


Dungeon Overview and Level Annotations

Branches:
Dungeon (3/15)

Altars:
Elyvilon
Okawaru
Vehumet


Innate Abilities, Weirdness & Mutations

You have large cloven feet.
You regenerate a little health from kills.
Your movements are slightly less encumbered by armour (ER -2).


Message History

Your bat skeleton barely misses the quokka.
Your bat skeleton misses the quokka.
Your orc skeleton barely misses the orc.
Your bat skeleton closely misses the quokka.
Your bat skeleton hits the quokka but does no damage. x2
Your bat skeleton barely misses the quokka.
Your bat skeleton completely misses the quokka.
The giant gecko barely misses you.
Your bat skeleton closely misses the quokka.
Your bat skeleton barely misses the quokka.
Your bat skeleton misses the quokka.
Your bat skeleton hits the quokka but does no damage.
Your bat skeleton barely misses the quokka.
Your bat skeleton hits the quokka.
Something hits the withered plant but does no damage.
Your bat skeleton closely misses the quokka.
Your bat skeleton misses the quokka.
Your bat skeleton barely misses the quokka.
Something hits the withered plant.
The giant gecko bites you.
You die...

#.# #.. #.# #.# #.# #.#
###########.# #.####
..........#.# #....#
.....)...Z#.# #....#
.......P.PZ.###....#
.......PP...r.ol...#
.......###.#####@..# ...$...# #.#
#...##.# #########
##########.#####...##.###.......#
.........>....##......#.#
##.#####..##..#)..###.#.# #.#
##.##..#..#......#
#.##..#..#.<#.### #..#..#######.#
#..#.(........#


You could see an orc, a giant gecko, a quokka and a friendly bat skeleton.

Vanquished Creatures
  3 adders (D:2)
  An ooze (D:2)
  2 worms
  A dart slug (D:1)
  A giant gecko (D:1)
  An orc (D:3)
  5 bats
  2 giant cockroaches
  5 hobgoblins
  A quokka (D:2)
  A giant newt (D:1)
  4 goblins
  5 kobolds
  4 rats
36 creatures vanquished.

Vanquished Creatures (collateral kills)
  A shadow imp (D:1)
  3 dart slugs (D:2)
  2 goblins (D:1)
  A hobgoblin (D:1)
  A rat (D:2)
8 creatures vanquished.

Grand Total: 44 creatures vanquished

Notes
Turn   | Place    | Note
--------------------------------------------------------------
     0 | D:1      | deorigin the Demonspawn Necromancer began the quest for the Orb.
     0 | D:1      | Reached XP level 1. HP: 13/13 MP: 3/3
   291 | D:1      | Gained mutation: You regenerate a little health from kills. [demonic ancestry]
   291 | D:1      | Reached XP level 2. HP: 6/19 MP: 0/5
   571 | D:1      | Reached skill level 5 in Necromancy
   575 | D:1      | Learned a level 1 spell: Animate Skeleton
  1183 | D:2      | Gained mutation: Your movements are slightly less encumbered by armour (ER -2). [demonic ancestry]
  1183 | D:2      | Reached XP level 3. HP: 8/24 MP: 0/6
  1363 | D:2      | Learned a level 3 spell: Vampiric Draining
  1916 | D:2      | Gained mutation: You have large cloven feet. [demonic ancestry]
  1916 | D:2      | Reached XP level 4. HP: 30/30 MP: 1/7
  2003 | D:2      | Found an iron altar of Okawaru.
  2003 | D:2      | Found a radiant altar of Vehumet.
  2011 | D:2      | Reached skill level 6 in Necromancy
  2235 | D:2      | Found a white marble altar of Elyvilon.
  2414 | D:3      | Slain by a giant gecko

Skill      XL: |  1  2  3  4 |
---------------+-------------+-----
Necromancy     | 5 6 |  6.1
Dodging        | |  1.7
Stealth        | |  1.7
Spellcasting   | |  2.5

Action                   |  1- 3 |  4- 6 || total
-------------------------+-------+-------++-------
Melee: Dagger            |    60 |    15 ||    75
       Unarmed           |     2 |       ||     2
       Kick              |       |     1 ||     1
 Cast: Pain              |    49 |    20 ||    69
       Animate Skeleton  |     9 |     4 ||    13
       Vampiric Draining |     1 |       ||     1
 Stab: Sleeping          |     3 |     1 ||     4
  Eat: Chunk             |     4 |     2 ||     6
Armor: Robe              |    17 |     9 ||    26
Dodge: Dodged            |    55 |    26 ||    81
